 Dungeon Crawl Stone Soup version 0.28-a0-850-g09de17f5b5 (webtiles) character file.

Game seed: 11972369915882107014

402 tatocazan the Skirmisher (level 6, -5/44 (50) HPs)
             Began as a Demonspawn Fighter on Nov 13, 2021.
             Was a Follower of Uskayaw.
             Slain by Ijyb (9 damage)
             ... on level 4 of the Dungeon.
             The game lasted 00:03:43 (3802 turns).

tatocazan the Skirmisher (Demonspawn Fighter)       Turns: 3802, Time: 00:03:44

HP:   -5/44 (50)    AC:  0    Str: 19    XL:     6   Next: 55%
MP:   6/6           EV:  7    Int:  9    God:    Uskayaw [*.....]
Gold: 157           SH:  5    Dex: 12    Spells: 5/5 levels left

rFire   . . .      SeeInvis .   a - +0 war axe
rCold   . . .      Faith    .   c - +0 buckler
rNeg    . . .      Spirit   .   k - +0 chain mail
rPois   .          Reflect  .   l - +0 helmet
rElec   .          Harm     .   o - +0 cloak
rCorr   .          Rampage  .   (no gloves)
Will    .....                   (no boots)
Stlth   ..........              (no amulet)
HPRegen 0.14/turn               (no ring)
MPRegen 0.10/turn               (no ring)

@: corroded, heavily drained
A: claws 1, rugged brown scales 1, powered by pain 1
a: Renounce Religion, Stomp


You were on level 4 of the Dungeon.
You worshipped Uskayaw.
Uskayaw was noncommittal.
You visited 1 branch of the dungeon, and saw 4 of its levels.

You collected 157 gold pieces.

Inventory:

Hand Weapons
 a - a +0 war axe (weapon)
Missiles
 p - 4 boomerangs (quivered)
Armour
 b - a +0 scale mail
 c - a +0 buckler (worn)
 k - a +0 chain mail (worn)
 l - a +0 helmet (worn)
 o - a +0 cloak (worn)
Scrolls
 f - a scroll of blinking {unknown}
 h - 2 scrolls of identify {unknown}
 i - a scroll of teleportation {unknown}
 j - a scroll of immolation {unknown}
 m - a scroll of noise {unknown}
 r - a scroll of enchant armour {unknown}
Potions
 d - 2 potions of might
 e - 2 potions of cancellation {unknown}
 g - a potion of curing {unknown}
 n - 2 potions of lignification {unknown}
 q - a potion of magic {unknown}


   Skills:
 + Level 4.4 Fighting
 * Level 3.6 Axes
 + Level 4.0 Armour
 + Level 4.0 Shields
 + Level 0.9 Invocations


You had 5 spell levels left.
You didn't know any spells.
Your spell library contained the following spells:

 Spells                   Type           Power      Damage    Failure   Level
 Foxfire                  Conj/Fire      0%         2x1d4     99%         1
 Conjure Flame            Conj/Fire      0%         6-21      100%        3
 Inner Flame              Hex/Fire       0%         N/A       100%        3
 Airstrike                Air            0%         N/A       100%        4
 Flame Wave               Conj/Fire      0%         3d3       100%        4
 Summon Lightning Spire   Summ/Air       0%         N/A       100%        4
 Lightning Bolt           Conj/Air       0%         1d11      100%        5


Dungeon Overview and Level Annotations

Branches:
Dungeon (4/15)
 Temple: D:4-7

Altars:
Uskayaw

Annotations:
D:4 Ijyb


Innate Abilities, Weirdness & Mutations

You have sharp fingernails.
You are partially covered in rugged brown scales. (AC +1, +3% HP)
You sometimes gain a little power by taking damage.


Message History

You take 13 damage, and have 33/50 hp.
MASSIVE DAMAGE!!
You hit the jelly.
You kill the jelly!
No target in view!
No target in view!
No target in view!
No target in view!
No target in view!
No target in view!
No target in view!
No target in view!
No target in view!
No target in view!
No target in view!
No target in view!
You can no longer pass through a line of other dancers.
Ijyb the Twisted Goblin comes into view.
She is wielding a +8 dagger of draining and carrying a wand of paralysis (12).
You regained 2 hp, and now have 35/50 hp.
Ijyb is nearby!
Ijyb is nearby!
Ijyb is nearby!
Ijyb is nearby!
Ijyb is nearby!
You start resting.
Ijyb is nearby!
Ijyb is nearby!
Ijyb hits you with a +8 dagger of draining!
You feel drained.
You take 13 damage, and have 23/48 hp.
MASSIVE DAMAGE!!
You hit Ijyb but do no damage.
Ijyb hits you with a +8 dagger of draining!
You feel drained.
Ijyb hits you with a +8 dagger of draining!
* * * LOW HITPOINT WARNING * * *
You feel drained.
* * * LOW HITPOINT WARNING * * *
You take 19 damage, and have 4/44 hp.
MASSIVE DAMAGE!!
You hit Ijyb but do no damage.
Ijyb hits you with a +8 dagger of draining!
You die...

#.......# #.......##
#........# .
#........# .. #..
#..).....#... #..
#........'... . #..
#####...##...
..###..###..##)..#
............@g:).#####
......................
...?.>................
.......)..............
......................
####...##...##..###...
##...##...##..# ...
#).............. ..
#................


You could see Ijyb.

Vanquished Creatures
  A howler monkey (D:4)
  A centaur zombie (D:4)
  2 jellies
  Terence (D:3)
  3 orc wizards
  4 gnolls
  2 adders
  2 worms (D:2)
  A dart slug (D:1)
  9 orcs
  9 endoplasms
  3 giant cockroaches
  3 goblins (D:1)
  10 hobgoblins
  8 jackals
  7 kobolds
  6 quokkas
  5 ball pythons
  3 bats
  10 frilled lizards
  3 rats
93 creatures vanquished.

Vanquished Creatures (others)
  A plant (D:2)
1 creature vanquished.

Grand Total: 94 creatures vanquished

Notes
Turn   | Place    | Note
-------+----------+-------------------------------------------
     0 | D:1      | tatocazan the Demonspawn Fighter began the quest for the
                  | Orb.
     0 | D:1      | Reached XP level 1. HP: 18/18 MP: 1/1
   304 | D:1      | Found a faded altar of an unknown god.
   414 | D:1      | Gained mutation: You are partially covered in rugged brown
                  | scales. (AC +1, +3% HP) [demonic ancestry]
   414 | D:1      | Reached XP level 2. HP: 17/24 MP: 2/2
  1104 | D:1      | Gained mutation: You sometimes gain a little power by
                  | taking damage. [demonic ancestry]
  1104 | D:1      | Reached XP level 3. HP: 26/29 MP: 3/3
  1729 | D:2      | Gained mutation: You have sharp fingernails. [demonic
                  | ancestry]
  1729 | D:2      | Reached XP level 4. HP: 30/36 MP: 4/4
  2477 | D:3      | Reached XP level 5. HP: 30/43 MP: 5/5
  2579 | D:3      | Found a hide-covered altar of Uskayaw.
  2599 | D:3      | Became a worshipper of Uskayaw the Reveller
  2611 | D:3      | Reached * piety under Uskayaw
  2890 | D:3      | Reached ** piety under Uskayaw
  2894 | D:3      | Noticed Terence
  2921 | D:3      | Killed Terence
  3663 | D:4      | Reached XP level 6. HP: 44/49 MP: 6/6
  3664 | D:4      | Reached *** piety under Uskayaw
  3793 | D:4      | Noticed Ijyb
  3802 | D:4      | Slain by Ijyb

Illustrated notes

Levels and vault maps discovered:
D:1:      lordsloth_arrival_two_stooges, layout_loops_corners,
          hellmonk_ecumenical_altar_leap_of_faith, minmay_misc_feat_hallway
D:2:      layout_rooms, minmay_strange_pillars, chequers_serial_rivers_micro_a,
          minmay_lizard_king
D:3:      layout_basic, mainiacjoe_overflow_small_starburst, serial_rivers,
          chequers_serial_rivers_micro_d, chequers_serial_rivers_large_a,
          chequers_serial_rivers_micro_b, chequers_serial_rivers_micro_a,
          chequers_serial_rivers_marsh, chequers_serial_rivers_large_b,
          wad_floor_pattern_untrapped, hangedman_abyss_or_decor_stabs,
          uniq_terence
D:4:      layout_gridville, dk_noncrumbling_4, uniq_ijyb

Skill      XL: |  1  2  3  4  5  6 |
---------------+-------------------+-----
Axes           | 2 3 |  3.6
Armour         | 3 4 |  4.0
Shields        | 3 4 |  4.0
Fighting       | 4 |  4.4
Invocations    | |  0.9

Action                   |  1- 3 |  4- 6 || total
-------------------------+-------+-------++-------
Melee: War axe           |   103 |   158 ||   261
 Stab: Paralysed         |       |     2 ||     2
Armor: Scale mail        |    46 |    32 ||    78
       Chain mail        |       |    57 ||    57
Dodge: Dodged            |    50 |    99 ||   149
Block: Buckler           |    23 |    37 ||    60

Table legend: (Time is in decaauts)
 A = Elapsed time spent in this place.
 B = Non-inter-level travel time spent in this place.
 C = Inter-level travel time spent in this place.
 D = Time resting spent in this place.
 E = Time spent auto-exploring this place.
 F = Levels seen in this place.
 G = Mean time per level.
                   A        B        C        D        E       F      G
               +--------+--------+--------+--------+--------+-----+--------+
         Total |   3950 |   3903 |     47 |    553 |   2651 |   4 |  987.5 |
       Dungeon |   3950 |   3903 |     47 |    553 |   2651 |   4 |  987.5 |
               +--------+--------+--------+--------+--------+-----+--------+

Top non-repeatable levels by time:
     D:1: 1499 daAuts
     D:3: 1240 daAuts
     D:2: 1017 daAuts
     D:4: 193 daAuts
